 Dungeon Crawl Stone Soup version 0.29-a0-648-g6b26cc9f40 (webtiles) character file.

Game seed: 4054004057743764263

53122 CollectiveS the Unseen (level 15, -3/100 HPs)
             Began as a Formicid Monk on June 20, 2022.
             Was a High Priest of Dithmenos.
             Slain by a death yak (24 damage)
             ... on level 1 of the Lair of Beasts.
             The game lasted 02:10:53 (28141 turns).

CollectiveS the Unseen (Formicid Monk)             Turns: 28141, Time: 02:10:57

Health: -3/100     AC:  6    Str: 18    XL:     15   Next: 8%
Magic:  21/21      EV: 23    Int:  9    God:    Dithmenos [*****.]
Gold:   1169       SH:  5    Dex: 24    Spells: 6/22 levels left

rFire   + . .      SeeInvis +   j - +5 short sword "Beetleslayer" {freeze, +Blink SInv}
rCold   + . .      Faith    .   (no shield)
rNeg    . . .      Spirit   .   x - +2 robe of Maekiloc {rElec Dex+2 Stlth+}
rPois   .          Reflect  +   (helmet unavailable)
rElec   +          Harm     .   D - scarf {repulsion}
rCorr   .          Rampage  .   n - +0 pair of gloves
Will    +....                   o - +0 pair of boots Stlth ******++++
                                y - amulet of reflection
HPRegen 0.26/turn               B - ring of protection from fire
MPRegen 0.17/turn               r - ring of protection from cold

@: wreathed by umbra, repel missiles
A: permanent stasis, dig shafts and tunnels, antennae 3, four strong arms
a: Dig, Shaft Self, Renounce Religion, Shadow Step, Shadow Form


You were on level 1 of the Lair of Beasts.
You worshipped Dithmenos.
Dithmenos was extremely pleased with you.
You visited 3 branches of the dungeon, and saw 18 of its levels.
You also visited: Sewer.

You collected 1244 gold pieces.
You spent 75 gold pieces at shops.

Inventory:

Hand Weapons
 j - the +5 short sword "Beetleslayer" (weapon) {freeze, +Blink SInv}
   (You found it on level 5 of the Dungeon)

   It freezes those it strikes, dealing additional cold damage.
   It can also slow down cold-blooded creatures.
   SInv:      It lets you see invisible.
   +Blink:    It lets you blink.
 m - a +2 vampiric short sword
Missiles
 z - 2 atropa-tipped darts (quivered)
Armour
 l - an orb of guile
 n - a +0 pair of gloves (worn)
 o - a +0 pair of boots (worn)
 x - the +2 robe of Maekiloc (worn) {rElec Dex+2 Stlth+}
   (You found it on level 12 of the Dungeon)

   Dex:       It affects your dexterity (+2).
   rElec:     It insulates you from electricity.
   Stlth:     It makes you more stealthy.
 D - a scarf of repulsion (worn)
 H - +1 steam dragon scales
Jewellery
 r - a ring of protection from cold (right hand)
 y - an amulet of reflection (around neck)
 B - a ring of protection from fire (left hand)
Wands
 e - a wand of iceblast (5)
 g - a wand of polymorph (11)
 h - a wand of flame (14)
 G - a wand of digging (2)
Scrolls
 a - a scroll of fog
 q - 3 scrolls of magic mapping
 s - 3 scrolls of amnesia
 w - a scroll of brand weapon
 A - a scroll of fear
 C - 4 scrolls of enchant weapon
 E - 4 scrolls of vulnerability
 F - a scroll of poison
 J - a scroll of silence {unknown}
Potions
 b - a potion of flight
 c - 4 potions of ambrosia
 d - 3 potions of might
 f - a potion of invisibility
 i - a potion of cancellation
 p - 2 potions of attraction
 t - 2 potions of magic
 u - 3 potions of brilliance
 v - a potion of curing
 I - a potion of mutation
Miscellaneous
 k - a phantom mirror (inert)


   Skills:
 - Level 4.2 Fighting
 - Level 12.0 Short Blades
 * Level 12.8 Dodging
 * Level 20.2 Stealth
 + Level 4.4 Spellcasting
 + Level 5.5 Hexes
 + Level 2.8 Translocations
 + Level 4.4 Ice Magic


You had 6 spell levels left.
You knew the following spells:

 Your Spells              Type           Power      Damage    Failure   Level
a - Ensorcelled Hibernat  Hex/Ice        20%        N/A       5%          2
b - Slow                  Hex            44%        N/A       2%          1
c - Apportation           Tloc           14%        N/A       9%          1
d - Discord               Hex            5%         N/A       100%        8
e - Cause Fear            Hex            5%         N/A       26%         4

Your spell library contained the following spells:

 Spells                   Type           Power      Damage    Failure   Level
 Confusing Touch          Hex            11%        N/A       9%          3
 Frozen Ramparts          Ice            18%        1d3       13%         3
 Inner Flame              Hex/Fire       6%         N/A       26%         3
 Static Discharge         Conj/Air       1%         N/A       36%         2
 Spider Form              Tmut/Pois      1%         N/A       61%         3
 Vampiric Draining        Necr           1%         2d6       61%         3
 Anguish                  Hex/Necr       3%         N/A       63%         4
 Ice Form                 Ice/Tmut       5%         N/A       71%         4
 Summon Ice Beast         Ice/Summ       5%         N/A       71%         4
 Dispel Undead            Necr           1%         3d6       95%         4
 Sticky Flame             Conj/Fire      1%         2d3       95%         4
 Conjure Ball Lightning   Conj/Air       0%         3x3d6     100%        6
 Dispersal                Tloc           3%         N/A       100%        6


Dungeon Overview and Level Annotations

Branches:
Dungeon (15/15)            Temple (1/1) D:5            Lair (2/6) D:11
  Swamp (0/4) Lair:2          Orc (0/2) D:9          Vaults (0/5) D:13
 Depths (0/4) D:15          Sewer (visited)
  Snake: Lair:2-4    Spider: Lair:2-4

Altars:
Ashenzari
Cheibriados
Dithmenos
Elyvilon
Fedhas
Gozag
Hepliaklqana
Kikubaaqudgha
Makhleb
Nemelex Xobeh
Okawaru
Qazlal
Ru
Sif Muna
Trog
Uskayaw
Vehumet
Wu Jian
Xom
Yredelemnul
Zin
The Shining One

Shops:
D:11 *!   D:13 ?

Portals:
Trove: D:14 (give 2 scrolls of acquirement)

Annotations:
D:4 exclusion: sensed monster (detected), Duvessa
D:7 3 runed translucent doors


Innate Abilities, Weirdness & Mutations

You cannot be hasted, slowed, berserked, paralysed or teleported.
You can dig through walls and to a lower floor.
You have a pair of large antennae on your head. (SInv)
Your four strong arms can wield two-handed weapons with a shield.


Message History

The death yak gores you!!
Unknown command.
You are too injured to fight recklessly!
Unknown command.
You are too injured to fight recklessly!
You are too injured to fight recklessly!
Unknown command.
Unknown command.
You are too injured to fight recklessly!
You are too injured to fight recklessly!
Unknown command.
You are too injured to fight recklessly!
You puncture the death yak! You freeze the death yak. You punch the death yak.
The death yak is heavily wounded.
Your shadow hits the death yak but does no damage.
You hit the death yak. You freeze the death yak.
The death yak is heavily wounded.
The death yak gores you!
You hit the death yak. You freeze the death yak.
The death yak is heavily wounded.
You hit the death yak but do no damage.
The death yak is heavily wounded.
The death yak gores you!!
* * * LOW HITPOINT WARNING * * *
You hit the death yak but do no damage.
The death yak is heavily wounded.
Your shadow hits the death yak with a short sword.
Unknown command.
You feel better. The death yak gores you!
* * * LOW HITPOINT WARNING * * *
You feel better. The death yak misses you.
Okay, then.
Okay, then.
Aiming: Phantom Mirror
Press: ? - help, Dir - move target, f - death yak
Aim: a death yak (heavily wounded, umbra)
You reflect the death yak with the mirror!
The mirror clouds!
Your death yak gores the death yak!
The death yak gores you!!
You die...

..## #..##..##### ...#
#.......##.# ...## #..........##
....## #...........# #....##
#####...........#
####..####.##.#..........# .#
##.......####..##..#.## .##
#......P.###.######## ..#
##........##@# ..###.....P...##Y#
.>#.#...........Y# ### #
..#..............#######.## #
..........................#######
.#...##..P.................#≈≈≈##
.##..#........##........≈≈≈≈≈≈≈..
###...........###...(.........#..
........##...## #.........≈...##.


You could see a death yak (ally target) and a friendly death yak (summoned,
drained).

Vanquished Creatures
  Josephine (D:15)
  2 hydras
  A vault guard (D:13)
  Erolcha (D:9)
  A catoblepas (Lair:2)
  An ogre mage (D:15)
  11 two-headed ogres
  3 centaur warriors
  3 tengu warriors
  2 death yaks (Lair:2)
  4 skeletal warriors (D:14)
  A sea snake (shapeshifter) (D:15)
  3 wizards (D:15)
  An orc knight (D:15)
  2 bog bodies (Lair:2)
  A necromancer (D:15)
  A deep elf pyromancer (D:14)
  3 orc sorcerers (D:15)
  4 cyclopes
  14 ugly things
  3 manticores
  A centaur zombie (D:15)
  2 black mambas (Lair:1)
  2 gargoyles
  A centaur skeleton (D:15)
  Psyche (D:8)
  An efreet (D:14)
  2 unseen horrors
  A kobold demonologist (D:12)
  4 tengu conjurers (D:15)
  A wind drake (D:14)
  A hornet (D:9)
  A polar bear (Lair:1)
  7 trolls
  6 slime creatures
  7 blink frogs (Lair:2)
  Sigmund (D:4)
  A culicivora (shapeshifter) (D:13)
  23 yaks
  A centaur simulacrum (D:15)
  7 wraiths
  A vampire (D:12)
  Eustachio (D:4)
  2 shadows (D:10)
  2 basilisks
  2 wyverns
  A steam dragon (D:9)
  8 vampire mosquitoes
  An acid dragon (D:10)
  10 water moccasins
  5 orc warriors
  8 sky beasts
  An ice beast (D:5)
  5 black bears
  An ogre (D:14)
  4 wolves (Lair:1)
  8 centaurs
  Blork the orc (D:4)
  9 bullfrogs
  3 kobold brigands
  5 scorpions
  4 troll zombies (D:9)
  3 killer bees (D:8)
  4 howler monkeys
  8 orc priests
  A gnoll shaman (D:7)
  3 hounds
  An iguana (D:4)
  7 orc wizards
  Ijyb (D:3)
  Natasha (thrice) (D:4)
  4 ogre zombies (D:9)
  A mummy (D:8)
  6 gnolls
  8 adders
  A shadow imp (D:6)
  3 white imps
  2 worms
  A dart slug (D:4)
  27 orcs
  10 ball pythons
  7 bats
  10 endoplasms
  3 giant cockroaches (D:1)
  7 goblins
  8 hobgoblins
  2 jackals (Sewer)
  5 quokkas
  2 training dummies (D:5)
  5 frilled lizards
  2 goblin skeletons (D:9)
  5 goblin zombies (D:9)
  2 hobgoblin zombies (D:9)
  19 kobolds
  6 orc skeletons (D:9)
  10 orc zombies (D:9)
  6 rats
409 creatures vanquished.

Vanquished Creatures (collateral kills)
  An ugly thing (D:14)
1 creature vanquished.

Vanquished Creatures (others)
  An ugly thing (D:14)
  10 demonic plants (D:1)
  19 fungi
  38 plants
  5 withered plants (D:1)
73 creatures vanquished.

Grand Total: 483 creatures vanquished

Notes
Turn   | Place    | Note
-------+----------+-------------------------------------------
     0 | D:1      | CollectiveS the Formicid Monk began the quest for the Orb.
     0 | D:1      | Reached XP level 1. HP: 18/18 MP: 1/1
   442 | D:1      | Reached XP level 2. HP: 24/24 MP: 2/2
   710 | D:1      | Found a faded altar of an unknown god.
   824 | D:1      | Reached skill level 3 in Stealth
  1308 | D:1      | Reached XP level 3. HP: 24/29 MP: 3/3
  1681 | D:1      | Found a blossoming altar of Fedhas.
  2326 | D:2      | Reached XP level 4. HP: 35/35 MP: 4/4
  2980 | D:3      | Noticed Ijyb
  2994 | D:3      | Killed Ijyb
  3030 | D:3      | Reached skill level 4 in Stealth
  3030 | D:3      | Reached XP level 5. HP: 41/41 MP: 5/5
  3534 | D:4      | Noticed Natasha
  3540 | D:4      | Killed Natasha
  3628 | D:4      | Noticed Natasha
  3761 | D:4      | Reached skill level 5 in Short Blades
  4078 | D:4      | Noticed Duvessa
  4244 | D:4      | Noticed Eustachio
  4244 | D:4      | Noticed a bullfrog
  4304 | D:4      | Killed Natasha
  4465 | D:4      | Reached XP level 6. HP: 13/47 MP: 6/6
  5062 | D:4      | Killed Eustachio
  5063 | D:4      | Reached skill level 5 in Stealth
  5108 | D:4      | Noticed an ogre
  5247 | D:4      | Noticed Sigmund
  5276 | D:4      | Reached XP level 7. HP: 37/52 MP: 7/7
  5799 | D:4      | Noticed Natasha
  5811 | D:4      | Killed Natasha
  6104 | D:4      | Reached skill level 6 in Stealth
  6118 | D:4      | Noticed Blork the orc
  6157 | D:4      | Killed Blork the orc
  6410 | D:4      | Killed Sigmund
  6411 | D:4      | Reached skill level 7 in Stealth
  6411 | D:4      | Reached XP level 8. HP: 55/58 MP: 8/8
  6632 | D:5      | Entered Level 5 of the Dungeon
  6670 | D:5      | Found a staircase to the Ecumenical Temple.
  6685 | D:5      | Identified the +5 short sword "Beetleslayer" {freeze,
                  | +Blink SInv}
  6694 | Temple   | Entered the Ecumenical Temple
  6756 | Temple   | Became a worshipper of Dithmenos the Shadowed
  6756 | Temple   | Reached * piety under Dithmenos
  6756 | Temple   | Reached ** piety under Dithmenos
  6876 | D:5      | Found a glowing drain.
  6892 | Sewer    | Entered a sewer
  7325 | D:5      | Reached skill level 8 in Stealth
  7359 | D:5      | Reached XP level 9. HP: 64/64 MP: 9/9
  8393 | D:6      | Reached skill level 9 in Stealth
  8647 | D:7      | Learned a level 2 spell: Ensorcelled Hibernation
  8758 | D:7      | Reached skill level 10 in Short Blades
  9432 | D:7      | Found a runed translucent gate.
  9432 | D:7      | Found a runed translucent gate.
  9433 | D:7      | Found a runed translucent gate.
  9720 | D:8      | Reached *** piety under Dithmenos
  9721 | D:8      | Reached skill level 10 in Stealth
  9772 | D:8      | Found a snail-covered altar of Cheibriados.
  9856 | D:8      | Noticed Psyche
  9859 | D:8      | Killed Psyche
  9860 | D:8      | Reached XP level 10. HP: 70/70 MP: 10/10
 10621 | D:9      | Got the Tome of the Birds and the Voyage
 10774 | D:9      | Noticed a two-headed ogre
 10870 | D:9      | Reached skill level 11 in Stealth
 11796 | D:9      | Found a staircase to the Orcish Mines.
 12425 | D:9      | Reached **** piety under Dithmenos
 12704 | D:9      | Reached skill level 12 in Stealth
 13043 | D:9      | Killed a two-headed ogre
 13044 | D:9      | Reached XP level 11. HP: 77/77 MP: 11/11
 13537 | D:9      | Reached skill level 5 in Dodging
 13736 | D:9      | Reached skill level 13 in Stealth
 13914 | D:9      | Noticed Erolcha
 13926 | D:9      | Killed Erolcha
 14250 | D:10     | Entered Level 10 of the Dungeon
 14370 | D:10     | Reached skill level 14 in Stealth
 15167 | D:11     | Noticed a two-headed ogre
 15169 | D:11     | Found an opulent altar of Gozag.
 15170 | D:11     | Found Gozag's Platinum Reserve.
 15177 | D:11     | Killed a two-headed ogre
 15187 | D:11     | Noticed a manticore
 15189 | D:11     | Killed a manticore
 15233 | D:11     | Found a staircase to the Lair.
 15272 | D:11     | Noticed a six-headed hydra
 15441 | D:11     | Noticed a two-headed ogre
 15444 | D:11     | Killed a two-headed ogre
 15520 | D:11     | Noticed a two-headed ogre
 15639 | D:11     | Reached skill level 15 in Stealth
 15639 | D:11     | Reached XP level 12. HP: 31/83 MP: 12/12
 16631 | D:11     | Found Ojife's Distillery.
 16634 | D:11     | Bought a potion of heal wounds for 75 gold pieces
 16737 | D:11     | Killed a six-headed hydra
 16906 | D:11     | Killed a two-headed ogre
 17112 | D:12     | Reached ***** piety under Dithmenos
 17152 | D:12     | Identified the +2 robe of Maekiloc {rElec Dex+2 Stlth+}
 17200 | D:12     | HP: 4/83 [vampire (10)]
 17531 | D:12     | Reached skill level 16 in Stealth
 17535 | D:12     | Noticed a two-headed ogre
 17540 | D:12     | Killed a two-headed ogre
 17941 | D:13     | Found Tapn's Magic Scroll Shoppe.
 18082 | D:13     | Found a gate to the Vaults.
 18082 | D:13     | Noticed a vault guard
 18088 | D:13     | Killed a vault guard
 18159 | D:13     | Noticed a centaur warrior
 18172 | D:13     | Killed a centaur warrior
 18173 | D:13     | Reached skill level 17 in Stealth
 18258 | D:13     | Noticed a five-headed hydra
 18258 | D:13     | Noticed a two-headed ogre
 18262 | D:13     | Killed a five-headed hydra
 18263 | D:13     | Reached skill level 10 in Dodging
 18263 | D:13     | Reached XP level 13. HP: 88/88 MP: 13/13
 18873 | D:13     | Noticed a centaur warrior
 18880 | D:13     | Killed a centaur warrior
 19465 | D:14     | Found a portal to a secret trove of treasure.
 19756 | D:14     | Reached skill level 18 in Stealth
 21249 | D:14     | Reached skill level 1 in Hexes
 21256 | D:14     | Reached skill level 1 in Spellcasting
 21260 | D:14     | Reached skill level 1 in Ice Magic
 22144 | D:15     | Entered Level 15 of the Dungeon
 22146 | D:15     | Reached skill level 19 in Stealth
 22214 | D:14     | Reached XP level 14. HP: 68/95 MP: 17/17
 22823 | D:15     | Noticed Josephine
 22861 | D:15     | Killed Josephine
 23322 | D:15     | Learned a level 1 spell: Slow
 23324 | D:15     | Learned a level 1 spell: Apportation
 23333 | D:15     | Learned a level 8 spell: Discord
 23338 | D:15     | Learned a level 4 spell: Cause Fear
 23736 | D:15     | Reached skill level 1 in Translocations
 25443 | D:15     | Found a staircase to the Depths.
 25543 | Lair:1   | Entered Level 1 of the Lair of Beasts
 25779 | Lair:1   | Reached skill level 20 in Stealth
 25779 | Lair:1   | Reached skill level 5 in Hexes
 26544 | Lair:2   | Found a staircase to the Swamp.
 26923 | Lair:2   | Reached XP level 15. HP: 35/100 MP: 14/21
 27655 | Lair:2   | Found a glowing silver altar of Zin.
 28141 | Lair:1   | Slain by a death yak

Illustrated notes

Levels and vault maps discovered:
D:1:      dpeg_arrival_water_altar, layout_loops_ring,
          shapermc_ecumenical_altar_gd, serial_forest, infiniplex_forest_split,
          infiniplex_forest_lined_1, infiniplex_forest_straight_3,
          infiniplex_forest_clump_cross
D:2:      minmay_skewed_foursquare, layout_basic
D:3:      layout_basic, minmay_misc_feat_room, uniq_ijyb
D:4:      layout_basic, minmay_misc_feat_tower, sigmund_army, uniq_natasha,
          uniq_blork_the_orc, uniq_eustachio, uniq_duvessa, uniq_sigmund
D:5:      dreamdust_elfheim, layout_gridville, minmay_temple_entry_glassed_door,
          cheibrodos_sewer_entry_bend
D:6:      layout_basic
D:7:      layout_gridville, ebering_ghost_rock_garden
D:8:      layout_loops_ring, slow_altar_1, uniq_psyche
D:9:      layout_irregular_city, zombieorc2_lemuel, minivault_1,
          dk_noncrumbling_3, grunt_ministairs_4, statue_in_the_mist_lemuel,
          uniq_erolcha
D:10:     layout_rooms
D:11:     layout_small_grid, lair_entry_dummy, serial_shops, kennysheep_mini,
          nicolae_gozag_zags_fifth_avenue
D:12:     layout_loops_ring
D:13:     layout_stronghold, david_vaults_5, serial_shops, nicolae_stop_n_shop_2
D:14:     layout_rooms, enter_trove_0, serial_co_window_serial,
          co_window_of_opportunity_a, co_window_paths_a, co_window_corner_a,
          co_window_corner_a, co_window_corner_a, co_window_of_opportunity_c,
          co_window_broadway_c, co_window_2corner, co_window_2corner,
          co_window_broadway_a, co_window_2corner, glass_columns_b,
          glass_columns_b, glass_columns_a, glass_columns_a, glass_columns_b,
          dreamdust_looks_like_rain
D:15:     grunt_enter_depths_magical_seal, layout_irregular_city,
          hangedman_decor_growths, uniq_josephine
Temple:   compressed_dpeg_circular_temple
Lair:1:   layout_cave_pods, chequers_serial_rivers_micro_e, beast_lair_carwin_7,
          grunt_megastairs_5, lemuel_fruit_fields
Lair:2:   layout_cave_pods, skrybe_swamp_entry_bodies, basic_altar,
          dreamdust_mushroom_princess, lemuel_fruit_tree, serial_bayou_shore_a,
          grunt_megastairs_3

Skill      XL: |  1  2  3  4  5  6  7  8  9 10 11 12 13 14 |
---------------+-------------------------------------------+-----
Stealth        | 3 4 5 7 8 10 12 15 17 19 20 | 20.2
Short Blades   | 4 5 6 7 9 11 12 | 12.0
Dodging        | 4 7 10 11 12 | 12.8
Fighting       | 4 |  4.2
Hexes          | 2 5 |  5.5
Spellcasting   | 2 4 |  4.4
Ice Magic      | 2 4 |  4.4
Translocations | 2 |  2.8

Action                   |  1- 3 |  4- 6 |  7- 9 | 10-12 | 13-15 || total
-------------------------+-------+-------+-------+-------+-------++-------
Melee: Short sword       |   159 |   169 |   207 |   549 |   525 ||  1609
       Punch             |       |     1 |     2 |     9 |     6 ||    18
Throw: Dart              |       |    19 |    63 |    42 |    21 ||   145
 Cast: Ensorcelled Hiber |       |       |       |       |    32 ||    32
       Slow              |       |       |       |       |     3 ||     3
 Abil: Dig               |     4 |     1 |       |       |       ||     5
Evoke: Wand              |       |       |       |     8 |    10 ||    18
       Phantom mirror    |       |       |       |       |     2 ||     2
  Use: Scroll            |       |     7 |     8 |     8 |     9 ||    32
       Potion            |       |       |       |     6 |     9 ||    15
 Stab: Sleeping          |    13 |     8 |    17 |    28 |    64 ||   130
       Distracted        |       |       |     2 |     9 |     4 ||    15
       Invisible         |       |       |       |     5 |     5 ||    10
       Fleeing           |       |       |       |       |     1 ||     1
Armor: Robe              |    14 |    43 |    21 |    18 |    48 ||   144
       Skin              |       |       |       |     1 |       ||     1
       Steam dragon scal |       |       |       |    10 |       ||    10
Dodge: Dodged            |    46 |   114 |    69 |   194 |   230 ||   653
       Repelled          |       |       |       |     1 |     1 ||     2
Block: Buckler           |       |     6 |       |       |       ||     6
       Other             |       |       |     9 |    69 |    83 ||   161
       Reflection        |       |       |     3 |     7 |       ||    10

Table legend: (Time is in decaauts)
 A = Elapsed time spent in this place.
 B = Non-inter-level travel time spent in this place.
 C = Inter-level travel time spent in this place.
 D = Time resting spent in this place.
 E = Time spent auto-exploring this place.
 F = Levels seen in this place.
 G = Mean time per level.
                   A        B        C        D        E       F      G
               +--------+--------+--------+--------+--------+-----+--------+
         Total |  27531 |  21204 |   6327 |   7129 |   3165 |  19 | 1449.0 |
       Dungeon |  24836 |  18891 |   5945 |   6488 |   2211 |  15 | 1655.7 |
        Temple |     72 |      3 |     69 |      0 |      0 |   1 |   72.0 |
          Lair |   2518 |   2205 |    313 |    641 |    953 |   2 | 1259.0 |
         Sewer |    103 |    103 |      0 |      0 |      1 |   1 |  103.0 |
               +--------+--------+--------+--------+--------+-----+--------+

Top non-repeatable levels by time:
     D:9: 3499 daAuts
     D:4: 3137 daAuts
    D:15: 2972 daAuts
    D:13: 2391 daAuts
    D:14: 2022 daAuts
    D:11: 1761 daAuts
     D:1: 1711 daAuts
  Lair:2: 1557 daAuts
     D:2: 999 daAuts
     D:6: 998 daAuts
     D:7: 993 daAuts
    D:12: 986 daAuts
     D:8: 968 daAuts
  Lair:1: 960 daAuts
    D:10: 878 daAuts
